Merl, neutral female human Valkyrie ----- ################### ----- |.{..# #------ # |...| |...| #|.... ## #-.._| |....#####|....| # ###|...| |...| |....| ### # #-..I| |..^.# |.....####### ## . # |..@.### |...|# |....| # # # ----- -----# ----+- ### # # # # # I## # # ###-|------ ## # # #.......| ######## # # |.....>| #------|--# ###---.------- |......-########|.......|# #..<...%...| |......| |.......|# |.........| -------- |.......|# |.........| |.......|# ----------- |........# --------- Merl the Fighter Experience level: 9 Strength: 18 Dexterity: 14 Constitution: 18 Intelligence: 10 Wisdom: 9 Charisma: 7 Health: 0(86) Energy: 27(27) Def: 12 Gold: 3350 Moves: 7913 Dungeon seed: oK5tVnt8ownNGDAj Game ID: Merl_1524939405 Your Inventory: Coins $ - 3350 gold pieces Weapons a - a +1 long sword (weapon in hand) t - a +0 elven dagger Armor c - a cursed -3 alchemy smock e - an uncursed +3 small shield (being worn) n - an uncursed +0 dwarvish cloak (being worn) w - an uncursed +0 pair of elven boots (being worn) x - an uncursed +0 alchemy smock y - an uncursed +0 elven mithril-coat (being worn) z - a cursed -2 leather armor M - an uncursed +0 Hawaiian shirt N - an uncursed +0 dwarvish iron helm (being worn) Y - an uncursed +0 pair of iron shoes Comestibles o - an uncursed tripe ration S - an uncursed food ration V - an uncursed lizard corpse Scrolls g - an uncursed scroll of identify l - 2 uncursed scrolls of enchant armor m - a blessed scroll of identify D - a cursed scroll of light I - an uncursed scroll of light X - an uncursed scroll of gold detection Potions d - 2 uncursed potions of speed h - a blessed potion of monster detection T - an uncursed potion of blindness W - 2 uncursed potions of restore ability Rings f - a cursed ring of fire resistance B - an uncursed ring of conflict J - an uncursed +2 ring of adornment Wands i - a wand of cancellation (0:4) j - a wand of speed monster (0:6) p - a wand of secret door detection (0:11) v - a wand of enlightenment (0:10) K - a wand of undead turning (0:4) U - a wand of striking (0:3) Tools k - an uncursed skeleton key u - an expensive camera (0:79) G - 5 uncursed wax candles (0:400) L - a +0 pick-axe O - an uncursed tin whistle P - an uncursed oil lamp (0:1384) Z - an uncursed magic whistle Gems q - an uncursed worthless piece of blue glass r - an uncursed touchstone named touchstone s - 3 uncursed diamonds A - an uncursed luckstone named luckstone C - an uncursed amethyst stone F - 2 uncursed rubies H - 3 uncursed emeralds Q - an uncursed worthless piece of green glass R - an uncursed worthless piece of yellow glass Spells and supernatural/magical abilities: Name Level Category Fail Memory W - pray for help -- divine ? -- Your skills at the end: Fighting Skills Weapon Skills dagger [Basic] long sword [Expert] Spellcasting Skills Final Attributes: You were piously aligned. You were fire resistant. You were cold resistant. You were telepathic. You were stealthy. You were fast. You were lucky. You had extra luck. Bad luck did not time out for you. Good luck did not time out for you. You are dead. Vanquished creatures: 2 vampires a glass piercer a xan an ettin mummy 2 quantum mechanics a troll a gelatinous cube a pyrolisk a freezing sphere a shocking sphere a tiger a leocrotta a python a carnivorous ape a giant beetle a gremlin a leprechaun a giant spider a black light a gnome king 2 orc mummies a brown pudding 2 owlbears a gold golem a lizard a blue jelly a dust vortex 2 gnome mummies 4 Woodland-elves a soldier ant a fire ant 2 imps a quasit 3 Mordor orcs 8 Uruk-hai 2 orc shamans 2 rock piercers a rock mole a pony 2 yellow lights a violet fungus 13 gnome lords 3 gnomish wizards 2 kobold mummies 2 barrow wights 5 elf zombies 2 ghouls a straw golem a giant ant 3 floating eyes 17 dwarves a kobold lord 2 hill orcs 5 rothes a centipede an orc zombie 2 dwarf zombies 3 werejackals 5 iguanas 2 killer bees 7 coyotes 2 gas spores 6 hobbits a large kobold 3 giant rats 6 cave spiders a brown mold a yellow mold 43 gnomes 14 garter snakes a gnome zombie 6 geckos 8 jackals a fox 2 kobolds 3 goblins 2 sewer rats 8 grid bugs 6 lichens 3 kobold zombies 9 newts 266 creatures vanquished. Voluntary challenges: You had been an atheist until turn 2190. You used a wielded weapon 385 times, starting on turn 2. You read items or engraved 5 times, starting on turn 878. You never genocided any monsters. You never polymorphed an object. You never changed form. You used no wishes. You never split a pudding. You never wrote Elbereth's name. You violated your moral code, losing 30 points of alignment, starting on turn 3448. Dungeon overview: The Dungeons of Doom: levels 1 to 11 Level 1 a long staircase Level 2 stairs to The Gnomish Mines Level 3 a fountain Level 4 a fountain Level 5 (stash high left) some fountains Level 6 Level 7 a potion shop, a fountain a long staircase Level 8 Level 9 some sinks Level 10 a scroll shop Level 11 <- You were here an altar to Loki, a fountain The Gnomish Mines: levels 3 to 10 Level 3 stairs to The Dungeons of Doom Level 4 Level 5 Level 6 many shops, a temple to Tyr, some fountains, some trees Level 7 Level 8 Level 9 Level 10 some fountains History has recorded: On T:1 you entered the Dungeons of Doom to retrieve the Amulet of Yendor! On T:254 you reached level 2 of The Dungeons of Doom. On T:330 you reached level 1 of The Gnomish Mines. On T:770 you reached level 3 of The Dungeons of Doom. On T:1055 you advanced to experience level 2. On T:1210 you reached level 4 of The Dungeons of Doom. On T:1729 you advanced to experience level 3. On T:1744 you reached level 2 of The Gnomish Mines. On T:1773 you advanced to experience level 4. On T:1960 you reached level 3 of The Gnomish Mines. On T:1961 you advanced to experience level 5. On T:2075 you reached level 4 of The Gnomish Mines. On T:2212 you advanced to experience level 6. On T:2809 you reached level 5 of The Gnomish Mines. On T:3003 you reached level 7 of The Gnomish Mines. On T:3021 you advanced to experience level 7. On T:3215 you reached level 8 of The Gnomish Mines. On T:3296 you reached level 6 of The Gnomish Mines. On T:3664 you advanced to experience level 8. On T:5790 you advanced to experience level 9. On T:5799 you reached level 5 of The Dungeons of Doom. On T:5976 you reached level 6 of The Dungeons of Doom. On T:6237 you reached level 7 of The Dungeons of Doom. On T:6425 you reached level 8 of The Dungeons of Doom. On T:6573 you reached level 9 of The Dungeons of Doom. On T:6894 you reached level 10 of The Dungeons of Doom. On T:7669 you reached level 11 of The Dungeons of Doom. Score breakdown: Gold: 3350 (11991 points) Experience: 9 levels (15756 points) Exploration: 11 levels ( 23.40%) (13987 points) Discoveries: 12 items ( 4.88%) ( 6625 points) Valuables value: (no points given unless you survive) Artifact value: 0 ( 0 points) Variety of kills: 81 monsters ( 21.26%) (13832 points) Turncount: 7913 turns (-2032 points) Survival: died (score multiplied by 80%) Total score: 48127 Latest messages: You are being crushed. You kill the owlbear! You see here an owlbear corpse. E - an owlbear corpse. You can barely move a handspan with this load! You stop. Your large cat is in the way! It hits! (3x) You drop an owlbear corpse. Your movements are only slowed slightly by your load. It misses. The large cat eats an owlbear corpse. You displace your large cat. Wait! There's something there you can't see! You attack thin air. It hits! You miss it. It hits! You miss it. It hits! You die... Final status: Farvel Merl the Valkyrie, killed by an invisible stalker... You died in The Dungeons of Doom on dungeon level 11 with 48127 points, and 3350 pieces of gold, after 7913 moves. You were level 9 with a maximum of 86 hit points when you died.